 Dungeon Crawl Stone Soup version 0.19.5 (webtiles) character file.

40 miragecloak the Poker (level 3, -5/29 HPs)
             Began as a Merfolk Abyssal Knight on May 11, 2017.
             Was a Follower of Lugonu.
             Slain by a goblin (6 damage)
             ... led by Robin
             ... on level 2 of the Dungeon.
             The game lasted 00:01:33 (1495 turns).

miragecloak the Poker (Merfolk Abyssal Knight)      Turns: 1495, Time: 00:01:34

Health: -5/29      AC:  4    Str: 12    XL:     3   Next: 50%
Magic:  4/4        EV: 12    Int: 11    God:    Lugonu [*.....]
Gold:   121        SH:  4    Dex: 14    Spells: 0 memorised, 2 levels left

rFire  . . .     SeeInvis .     a - +1 spear
rCold  . . .     Gourm    .     b - +0 leather armour
rNeg   . . .     Faith    .     k - +0 buckler
rPois  .         Spirit   .     i - +0 helmet
rElec  .         Reflect  .     (no cloak)
rCorr  .         Harm     .     (no gloves)
MR     .....                    (no boots)
Stlth  +.........               (no amulet)
                                (no ring)
                                (no ring)

@: no status effects
A: change form in water, swift swim, stealthy swim
a: Depart the Abyss, Renounce Religion


You were on level 2 of the Dungeon.
You worshipped Lugonu.
Lugonu was aware of your devotion.
You were not hungry.

You visited 1 branch of the dungeon, and saw 2 of its levels.
You visited the Abyss 1 time.

You collected 121 gold pieces.

Inventory:

Hand Weapons
 a - a +1 spear (weapon)
Armour
 b - a +0 leather armour (worn)
 i - a +0 helmet (worn)
 k - a +0 buckler (worn)
Scrolls
 d - a scroll of teleportation
 e - a scroll of amnesia {unknown}
 f - 2 scrolls of random uselessness
 g - a scroll of remove curse
 m - a scroll of identify
 n - a scroll of enchant armour {unknown}
Potions
 h - a potion of beneficial mutation {unknown}
 j - a potion of flight {unknown}
Comestibles
 c - 2 bread rations
 l - a chunk of flesh
 o - a meat ration


   Skills:
 - Level 3.2 Fighting
 + Level 5.2 Polearms
 - Level 0.6 Armour
 - Level 2.6 Dodging
 + Level 1.0 Shields
 - Level 2.0 Invocations


You had 2 spell levels left.
You didn't know any spells.

Dungeon Overview and Level Annotations

Branches:
Dungeon (2/15)

Altars:

Annotations:
D:2 Robin


Message History

* * * LOW HITPOINT WARNING * * *
The goblin barely misses you. The goblin misses you. The goblin hits you.
* * * LOW HITPOINT WARNING * * *
As you read the scroll labeled DENARU XOSKE, it crumbles to dust.
You smell fire and brimstone.
It was a scroll of random uselessness.
You block the goblin's attack. The goblin barely misses you.
The goblin hits you but does no damage. The goblin misses you.
You block the goblin's attack.
Unknown command.
As you read the scroll labeled SOMMUJ NAIB, it crumbles to dust.
You feel blessed for a moment.
It was a scroll of remove curse.
The goblin hits you but does no damage. x2; The goblin hits you with a dagger.
* * * LOW HITPOINT WARNING * * *
The goblin closely misses you. The goblin barely misses you.
As you read the scroll labeled ZIPYP KUIDIFOL, it crumbles to dust.
It is a scroll of identify.
d - a scroll of teleportation The goblin closely misses you.
The goblin hits you but does no damage. You block the goblin's attack.
The goblin hits you.
You die...

######### #..!....# # #
#.......+ .# .#
#.......###.# ..#
#...........+ ....
######)......#.### g....
...........[...###g.....
...............g@ggg....
...............ggggw###.
##################..# #
..# # ## # # #######
......#


You could see a worm, Robin, a hobgoblin and 8 goblins.

Vanquished Creatures
  2 dart slugs (D:1)
  A leopard gecko (D:1)
  2 ball pythons
  3 giant cockroaches
  7 goblins
  A hobgoblin (D:1)
  4 jackals (D:1)
  2 kobolds
  3 bats
  2 frilled lizards (D:1)
  4 rats
31 creatures vanquished.

Notes
Turn   | Place    | Note
-------+----------+-------------------------------------------
     0 | Abyss:1  | miragecloak the Merfolk Abyssal Knight began the quest for the Orb.
     0 | Abyss:1  | Reached XP level 1. HP: 18/18 MP: 2/2
    54 | Abyss:1  | Noticed a worldbinder
    55 | D:1      | Escaped the Abyss
   212 | D:1      | Reached * piety under Lugonu
   212 | D:1      | Reached skill level 4 in Polearms
   212 | D:1      | Reached XP level 2. HP: 24/24 MP: 3/3
   933 | D:1      | Reached XP level 3. HP: 26/29 MP: 4/4
   979 | D:1      | Reached skill level 5 in Polearms
  1482 | D:2      | Noticed Robin
  1490 | D:2      | Reached skill level 1 in Shields
  1494 | D:2      | HP: 1/29 [goblin/dagger[Robin] (6)]
  1495 | D:2      | Slain by a goblin

Skill      XL: |  1  2  3 |
---------------+----------+-----
Polearms       | 4 5 |  5.2
Shields        | 1 |  1.0
Fighting       | |  3.2
Armour         | |  0.6
Dodging        | |  2.6
Invocations    | |  2.0

Action                   || total
-------------------------++-------
Melee: Spear             ||   121
Invok: Depart the Abyss  ||     1
  Use: Scroll            ||     3
 Stab: Sleeping          ||     3
       Distracted        ||     1
  Eat: Chunk             ||     2
Armor: Leather armour    ||    28
Dodge: Dodged            ||    73
Block: Buckler           ||    12
